Map: Whitewater Line LE

Players

Subwaymaker

  • Race: Protoss Protoss
  • League: Silver
  • Spawn Location: 1:00

Mesrob

  • Race: Terran Terran
  • Spawn Location: 12:00

subwayengine

  • Race: Terran Terran
  • Spawn Location: 1:00

SPARTAPRAHA

  • Race: Zerg Zerg
  • Spawn Location: 7:00

PeaCe

  • Race: Zerg Zerg
  • Spawn Location: 6:00

CZETicho

  • Race: Protoss Protoss
  • League: Master
  • Spawn Location: 7:00

VOD

Have the link to the VOD?

Description

Time

  • Played on: Jan. 9, 2019, 3:04 p.m.
  • Length: 11:59
Show
View Real Time Build Order
Export as new Build Order

Subwaymaker Protoss 

Build Orders:  

Get SALT Encoding   

  1  0:00  Probe  
  12  0:06  Probe  
  14  0:24  Pylon  
  14  0:27  Assimilator  
  14  0:31  Probe  
  15  0:46  Probe  
  15  0:47  Gateway  
  16  0:58  Probe  
  17  1:06  Probe  
  17  1:09  Forge  
  18  1:15  Probe  
  18  1:25  Probe  
  19  1:32  Pylon  
  20  1:35  Assimilator  
  20  1:37  Probe  
  21  1:49  Probe  
  22  1:58  Photon Cannon  
  22  2:00  Photon Cannon  
  22  2:05  Pylon  
  22  2:07  Probe  
  23  2:13  Zealot  
  25  2:19  Probe  
  26  2:28  Cybernetics Core  
  26  2:41  Gateway  
  26  2:45  Protoss Ground Armor Level 1  
  26  2:54  Photon Cannon  
  26  2:58  Zealot  
  28  3:27  Nexus  
  28  3:36  Zealot  
  28  3:37  Zealot  
  32  3:44  Warp Gate  
  32  3:57  Pylon  
  32  4:05  Twilight Council  
  32  4:13  Stalker  
  32  4:21  Stalker  
  34  4:38  Probe x2  
  36  4:42  Stalker  
  40  4:46  Probe  
  40  4:50  Probe  
  40  4:52  Pylon  
  42  4:56  Probe  
  43  5:02  Charge, Probe  
  44  5:12  Probe  
  45  5:15  Probe  
  46  5:23  Probe  
  46  5:24  Photon Cannon  
  46  5:26  Shield Battery  
  46  5:27  Probe  
  48  5:28  Pylon  
  48  5:31  Probe  
  48  5:32  Assimilator  
  49  5:38  Zealot  
  49  5:39  Probe x2  
  53  5:55  Stalker  
  55  6:11  Gateway  
  55  6:13  Gateway  
  55  6:15  Probe  
  55  6:16  Gateway  
  55  6:18  Probe  
  55  6:20  Gateway  
  55  6:23  Probe  
  55  6:24  Gateway  
  57  6:30  Probe  
  59  6:33  Assimilator, Probe  
  60  6:43  Robotics Facility  
  60  6:45  Probe  
  61  6:47  Pylon  
  61  6:49  Zealot  
  61  6:50  Pylon, Zealot  
  65  7:29  Pylon  
  65  7:30  Zealot x2  
  65  7:31  Zealot  
  65  7:32  Zealot  
  65  7:33  Stalker  
  65  7:34  Stalker x2  
  79  7:47  Immortal, Robotics Bay  
  79  7:49  Photon Cannon  
  79  7:50  Shield Battery  
  79  7:55  Probe  
  84  8:10  Pylon  
  84  8:12  Pylon  
  84  8:16  Stalker  
  84  8:17  Stalker x2, Immortal  
  84  8:18  Stalker  
  92  8:20  Zealot  
  92  8:27  Protoss Ground Weapons Level 1  
  98  8:56  Observer, Forge, Blink  
  99  9:08  Extended Thermal Lance  
  99  9:13  Stalker x2  
  99  9:14  Zealot  
  99  9:15  Zealot x3  
  99  9:16  Zealot  
  113  9:38  Pylon  
  113  9:41  Pylon  
  113  9:42  Pylon  
  113  9:43  Pylon  
  113  9:50  Stalker x2  
  117  9:56  Colossus  
  119  10:07  Zealot x4  
  89  10:08  Zealot  
  93  10:20  Stalker x2  
  97  10:40  Zealot x2  
  97  10:41  Zealot x2  
  97  10:42  Sentry  
  107  10:43  Colossus  
  113  11:15  Zealot  
  113  11:16  Zealot x4  
  123  11:19  Stalker  
  123  11:23  Sentry  
  55  11:46  Zealot x3  
  51  11:47  Zealot x2  
  51  11:48  Zealot  
Show
View Real Time Build Order
Export as new Build Order

Mesrob Terran 

Build Orders: 2 Factory 

Get SALT Encoding   

  12  0:00  SCV  
  13  0:15  Supply Depot  
  13  0:35  SCV  
  14  0:38  Barracks  
  14  0:44  Refinery  
  14  0:47  SCV  
  15  1:08  SCV  
  16  1:26  Supply Depot, Orbital Command  
  16  1:34  Barracks  
  16  1:38  Barracks Reactor  
  16  2:00  Refinery, SCV  
  17  2:12  SCV  
  18  2:15  Marine x2  
  21  2:24  SCV  
  21  2:25  Factory  
  21  2:30  Barracks Tech Lab  
  21  2:42  SCV  
  21  2:43  Marine x2  
  24  2:54  SCV  
  24  3:11  Barracks Tech Lab  
  24  3:28  Factory, Siege Tank  
  24  3:32  Marine x2  
  29  3:40  Barracks  
  29  3:44  SCV  
  30  3:53  Marine  
  31  3:56  Command Center  
  31  4:12  SCV  
  31  4:16  Siege Tank  
  25  4:39  Engineering Bay  
  25  4:41  Barracks Reactor  
  25  5:04  Refinery  
  25  5:09  Barracks Reactor  
  25  5:20  Barracks Tech Lab  
  25  5:22  Marine x2  
  27  5:39  SCV  
  24  5:51  SCV  
  22  6:00  Missile Turret  
  22  6:25  Orbital Command  
  22  6:49  SCV  
  22  6:50  SCV  
  24  7:19  Missile Turret, SCV  
  25  7:23  SCV  
  26  7:32  Siege Tank, SCV  
  26  7:35  SCV  
  31  7:43  Marine  
  31  7:44  SCV  
  33  7:47  SCV  
  33  7:48  Combat Shield  
  34  7:56  SCV  
  35  7:59  SCV  
  35  8:03  Marine x2  
  38  8:08  SCV  
  38  8:11  SCV  
  40  8:20  SCV  
  40  8:22  Marine x2  
  40  8:23  Marine  
  44  8:28  Terran Infantry Weapons Level 1  
  44  8:35  Armory  
  44  8:38  SCV  
  44  8:41  SCV  
  44  8:50  Siege Tank, SCV  
  46  9:02  Missile Turret  
  46  9:21  Marine  
  46  9:28  Marine  
  46  9:36  Missile Turret  
  46  9:38  Refinery  
  46  9:51  Marine x3  
  46  9:52  Marine x2  
  22  10:09  Marine, SCV  
  24  10:17  SCV  
  25  10:21  SCV  
  26  10:29  SCV  
  26  10:33  SCV  
  28  10:41  Missile Turret  
  28  10:44  Missile Turret  
  28  10:45  Marine, SCV  
  28  10:46  Marine x4  
  34  10:52  Siege Tank  
  37  10:57  SCV  
  37  10:58  Supply Depot  
  37  11:03  Marine x2  
  37  11:04  Marine x2, Missile Turret  
  42  11:12  Siege Tank  
  42  11:14  Marine  
  46  11:21  Marine  
  46  11:22  Refinery  
  46  11:24  Siege Tank  
  50  11:26  SCV x2  
  52  11:38  SCV  
Show
View Real Time Build Order
Export as new Build Order

subwayengine Terran 

Build Orders:  

Get SALT Encoding   

  12  0:32  Supply Depot  
  12  0:44  Refinery  
  12  0:45  SCV  
  13  0:57  SCV  
  14  1:06  Barracks  
  14  1:09  SCV  
  15  1:21  SCV  
  16  1:33  SCV  
  17  1:44  Refinery  
  17  1:56  Orbital Command  
  17  2:01  Factory  
  17  2:25  SCV  
  18  2:37  SCV  
  19  2:49  SCV  
  20  3:01  Starport  
  20  3:02  SCV  
  21  3:14  SCV  
  22  3:26  Supply Depot  
  22  3:38  Starport  
  22  3:39  Starport Tech Lab  
  22  3:48  SCV  
  23  4:00  SCV  
  24  4:12  SCV  
  25  4:17  Starport, Starport Tech Lab  
  25  4:20  Fusion Core  
  25  4:24  SCV  
  25  4:28  Marine  
  27  4:32  Hellion  
  27  4:33  Weapon Refit  
  27  4:36  SCV  
  30  4:46  Marine  
  31  5:00  Command Center  
  31  5:08  Supply Depot  
  31  5:29  Marine, Hellion, SCV  
  31  5:33  Supply Depot  
  35  5:41  SCV  
  36  5:46  Supply Depot  
  36  5:47  Marine  
  37  5:51  Hellion  
  37  5:55  SCV  
  37  5:56  Supply Depot  
  40  6:05  Marine  
  40  6:07  SCV  
  40  6:09  Supply Depot  
  42  6:12  Hellion  
  44  6:19  SCV  
  44  6:25  Battlecruiser  
  51  6:29  Battlecruiser  
  51  6:30  Starport Tech Lab  
  51  6:31  SCV  
  58  6:43  Refinery, SCV  
  58  6:45  SCV  
  58  6:47  Refinery  
  59  6:55  SCV  
  59  6:58  SCV  
  58  7:07  SCV  
  58  7:10  SCV  
  59  7:20  SCV  
  59  7:22  SCV  
  61  7:32  SCV  
  61  7:34  SCV  
  61  7:37  Battlecruiser  
  69  7:42  Supply Depot  
  69  7:46  SCV  
  70  7:53  Supply Depot  
  70  7:58  SCV  
  70  8:07  Supply Depot  
  70  8:10  SCV  
  61  8:22  SCV  
  62  8:29  Supply Depot  
  62  8:34  SCV  
  62  8:40  Battlecruiser  
  62  8:41  Battlecruiser  
  75  8:44  SCV  
  75  8:46  SCV  
  77  8:56  SCV  
  77  8:59  SCV  
  79  9:08  SCV  
  80  9:11  SCV  
  81  9:20  SCV  
  81  9:23  SCV  
  83  9:32  SCV  
  83  9:35  SCV  
  85  9:47  SCV  
  74  10:25  Battlecruiser  
  74  10:28  Battlecruiser  
  86  10:30  Battlecruiser  
  92  10:38  Orbital Command  
  92  10:44  SCV  
  93  10:56  SCV  
  94  11:08  SCV  
  95  11:20  SCV  
  95  11:24  SCV  
  97  11:32  SCV  
  104  11:37  SCV  
  111  11:40  Supply Depot  
Show
View Real Time Build Order
Export as new Build Order

SPARTAPRAHA Zerg 

Build Orders: Hatch First 

Get SALT Encoding   

  12  0:01  Drone  
  13  0:14  Overlord  
  13  0:18  Drone  
  14  0:33  Drone x2  
  16  0:39  Drone  
  17  0:59  Hatchery, Drone  
  17  1:00  Drone  
  18  1:13  Extractor  
  18  1:16  Spawning Pool  
  16  1:23  Drone x2  
  18  1:33  Drone  
  19  1:41  Overlord  
  19  1:58  Drone  
  20  2:04  Queen  
  20  2:05  Drone  
  23  2:11  Queen  
  23  2:12  Drone  
  23  2:15  Drone  
  27  2:18  Extractor  
  27  2:22  Metabolic Boost  
  26  2:24  Drone  
  26  2:29  Drone  
  28  2:38  Drone  
  28  2:39  Overlord  
  29  2:46  Drone  
  29  2:47  Overlord  
  30  3:00  Drone  
  31  3:11  Roach Warren  
  31  3:12  Drone  
  31  3:16  Overlord  
  31  3:19  Drone x3  
  34  3:20  Drone  
  34  3:22  Lair  
  35  3:35  Drone x4  
  39  3:46  Drone  
  39  3:47  Drone  
  39  3:48  Drone x5  
  45  3:52  Extractor  
  45  3:56  Drone  
  46  4:03  Overlord  
  46  4:05  Evolution Chamber x2  
  46  4:08  Drone x3  
  47  4:25  Extractor, Hatchery  
  47  4:27  Glial Reconstitution  
  47  4:28  Overlord  
  45  4:33  Zerg Missile Weapons Level 1  
  45  4:35  Zerg Ground Armor Level 1  
  45  4:38  Overlord  
  45  4:41  Drone x2  
  45  4:42  Drone  
  48  4:49  Roach x3  
  54  4:54  Roach  
  54  4:55  Roach  
  54  4:57  Roach  
  60  5:08  Roach x3  
  60  5:12  Hydralisk Den  
  65  5:14  Roach  
  65  5:20  Overlord  
  67  5:22  Roach  
  67  5:24  Roach x2  
  67  5:25  Roach  
  67  5:27  Overseer  
  75  5:31  Overlord  
  75  5:36  Overlord  
  75  5:38  Queen  
  75  5:40  Drone  
  78  5:49  Overlord  
  78  6:00  Drone x5  
  78  6:03  Drone x2  
  85  6:07  Grooved Spines  
  85  6:15  Infestation Pit  
  85  6:16  Drone  
  85  6:18  Drone  
  85  6:24  Extractor  
  85  6:30  Zerg Melee Weapons Level 1  
  85  6:33  Drone x2  
  85  6:34  Drone x3  
  85  6:38  Drone  
  85  6:39  Extractor, Drone x2  
  92  6:47  Lair  
  92  6:49  Pneumatized Carapace  
  92  6:52  Drone  
  92  6:53  Drone x3  
  96  6:56  Hive  
  96  6:58  Overlord x2  
  96  7:09  Drone x2  
  98  7:18  Muscular Augments  
  98  7:28  Overlord  
  98  7:29  Overlord x3  
  98  7:41  Zerg Ground Armor Level 2  
  98  8:04  Hatchery  
  97  8:09  Ultralisk Cavern  
  96  8:45  Drone x4  
  96  8:46  Drone x2  
  102  9:01  Chitinous Plating  
  102  9:03  Ultralisk  
  102  9:04  Ultralisk x6  
  102  9:07  Ultralisk  
  156  9:11  Ultralisk  
  156  9:19  Queen  
  156  9:20  Drone  
  156  9:22  Overlord x5  
  156  9:23  Extractor  
  158  9:25  Extractor, Ultralisk  
  163  9:35  Overlord x2  
  163  9:36  Overlord  
  163  10:06  Hydralisk  
  163  10:07  Hydralisk x6  
  161  10:08  Hydralisk x4  
  183  10:20  Anabolic Synthesis  
  183  10:29  Ultralisk x2  
  195  10:35  Overseer  
  195  10:41  Overlord x2  
  195  10:47  Overseer  
  195  10:49  Overlord x4  
  195  11:26  Overseer  
Show
View Real Time Build Order
Export as new Build Order

PeaCe Zerg 

Build Orders: Pool First, Muta Ling Bane 

Get SALT Encoding   

  12  0:01  Drone  
  13  0:13  Overlord  
  13  0:18  Drone  
  14  0:31  Drone x2  
  16  0:36  Drone  
  17  0:47  Spawning Pool  
  16  0:50  Drone  
  17  0:59  Drone  
  17  1:02  Extractor  
  17  1:08  Drone  
  18  1:20  Drone  
  19  1:29  Hatchery  
  19  1:31  Drone  
  19  1:38  Queen  
  21  1:43  Drone  
  22  2:01  Overlord  
  22  2:03  Metabolic Boost  
  22  2:19  Queen  
  22  2:20  Drone x2  
  26  2:29  Drone  
  27  2:33  Overlord  
  27  2:47  Drone x3  
  27  2:48  Drone x2  
  32  2:54  Drone  
  33  3:01  Drone  
  33  3:04  Drone  
  35  3:06  Lair  
  35  3:10  Drone  
  36  3:14  Drone  
  37  3:21  Roach Warren  
  37  3:22  Evolution Chamber  
  37  3:23  Drone  
  37  3:24  Drone x3, Evolution Chamber  
  38  3:28  Extractor  
  38  3:29  Extractor, Drone  
  38  3:34  Drone x2  
  38  3:38  Drone x2  
  41  3:42  Overlord  
  42  3:48  Drone  
  42  3:57  Drone x2  
  42  3:58  Zerg Missile Weapons Level 1  
  42  4:01  Zerg Ground Armor Level 1  
  44  4:08  Extractor, Drone x5  
  48  4:13  Glial Reconstitution  
  48  4:31  Drone  
  48  4:34  Hatchery, Overlord  
  48  4:37  Roach x2  
  52  4:48  Spire  
  52  4:49  Drone  
  52  4:53  Drone x3  
  52  4:54  Drone x2  
  57  5:00  Drone x3  
  60  5:08  Overlord x2  
  60  5:21  Overlord x2  
  60  5:27  Extractor  
  59  5:29  Extractor, Drone  
  59  5:30  Drone x6  
  65  5:36  Baneling Nest  
  65  5:38  Drone x2  
  66  5:43  Drone x3  
  66  5:46  Overlord  
  66  5:48  Queen  
  71  5:54  Drone  
  71  5:56  Roach  
  74  6:00  Zerg Flyer Weapons Level 1  
  74  6:01  Drone x2  
  74  6:02  Drone x3  
  79  6:06  Zerg Melee Weapons Level 1  
  79  6:12  Zerg Ground Armor Level 2  
  79  6:18  Mutalisk  
  79  6:19  Mutalisk x2  
  79  6:22  Mutalisk  
  87  6:34  Infestation Pit  
  87  6:38  Roach  
  88  6:41  Mutalisk x5  
  88  6:45  Mutalisk  
  100  6:59  Roach x2  
  100  7:00  Roach  
  106  7:02  Overlord x2  
  106  7:13  Centrifical Hooks  
  106  7:17  Hive  
  106  7:29  Roach x6  
  120  7:30  Roach  
  120  7:54  Hatchery, Zergling x6  
  120  7:56  Overlord x3  
  122  8:21  Zergling x2  
  122  8:22  Zergling x12  
  122  8:26  Baneling x2  
  122  8:27  Baneling x4  
  129  8:28  Zerg Melee Weapons Level 2  
  129  8:38  Mutalisk x6  
  141  8:42  Zerg Flyer Armor Level 1  
  141  8:57  Zergling x2  
  141  8:58  Zergling x8  
  141  8:59  Overlord  
  146  9:04  Overlord x3  
  146  9:11  Zerg Ground Armor Level 3  
  142  9:35  Queen  
  142  9:37  Zergling x22  
  142  9:38  Zergling x8  
  159  9:41  Baneling x4  
  159  9:42  Baneling x5  
  159  9:51  Drone x3  
  162  10:10  Mutalisk x3  
  162  10:11  Mutalisk x7  
  178  10:20  Baneling  
  178  10:21  Baneling x5  
  178  10:22  Baneling x3  
  178  10:23  Baneling x2  
  178  10:24  Zergling x2  
  178  10:25  Zergling x4  
  181  10:29  Overlord x3  
  181  10:34  Overlord x4  
  181  10:37  Ravager  
  181  10:38  Baneling x5  
  181  10:39  Baneling  
  181  10:40  Zergling x4  
  184  10:50  Extractor, Zergling x18  
  184  10:51  Extractor, Zergling x18  
  200  11:07  Baneling x3  
  200  11:08  Baneling  
  200  11:09  Baneling x3  
Show
View Real Time Build Order
Export as new Build Order

CZETicho Protoss 

Build Orders: 1 Gate Expand, Oracle Opening, Archon Immortal 

Get SALT Encoding   

  12  0:00  Probe  
  13  0:13  Probe  
  14  0:19  Pylon  
  14  0:27  Probe  
  15  0:35  Probe  
  15  0:41  Gateway  
  16  0:43  Probe  
  16  0:49  Assimilator  
  17  0:59  Probe  
  18  1:12  Probe  
  19  1:25  Nexus  
  19  1:31  Cybernetics Core  
  19  1:33  Probe  
  20  1:42  Assimilator  
  20  1:45  Probe  
  21  1:56  Pylon  
  21  1:57  Probe  
  22  2:09  Probe  
  22  2:11  Adept  
  25  2:22  Stargate  
  25  2:33  Probe  
  26  2:39  Probe  
  26  2:41  Probe  
  27  2:46  Warp Gate  
  27  2:47  Probe  
  27  2:49  Probe  
  29  2:56  Probe  
  30  2:58  Oracle  
  30  2:59  Probe  
  35  3:16  Probe x2  
  35  3:19  Pylon  
  37  3:22  Pylon  
  37  3:23  Robotics Facility  
  37  3:28  Probe x2  
  39  3:40  Probe x2  
  41  3:43  Assimilator  
  41  3:47  Assimilator, Forge, Twilight Council  
  41  3:48  Probe  
  41  3:49  Probe  
  43  3:56  Probe  
  43  3:57  Probe  
  45  4:02  Gateway  
  45  4:04  Gateway  
  45  4:14  Protoss Ground Weapons Level 1  
  45  4:28  Charge  
  45  4:33  Probe x2  
  47  4:45  Probe x2  
  49  4:48  Immortal  
  53  4:56  Gateway  
  53  4:57  Probe, Gateway  
  54  5:00  Gateway x2, Zealot x2  
  54  5:01  Zealot  
  60  5:09  Templar Archives  
  60  5:10  Probe x2  
  62  5:34  Nexus  
  62  5:36  Pylon  
  62  5:54  Immortal  
  66  5:59  Blink  
  66  6:01  Pylon  
  66  6:03  Pylon  
  66  6:04  Psionic Storm  
  66  6:08  Zealot x2  
  70  6:29  High Templar  
  70  6:30  High Templar x2  
  70  6:31  High Templar  
  70  6:32  Protoss Ground Weapons Level 2, Zealot x3  
  82  6:36  Probe x2  
  86  6:48  Probe x2  
  86  6:49  Probe  
  89  6:59  Immortal  
  89  7:00  Probe x2  
  89  7:01  Probe  
  92  7:02  Assimilator  
  92  7:07  Assimilator  
  96  7:16  High Templar  
  96  7:17  Zealot  
  100  7:25  Pylon  
  100  7:26  Pylon  
  100  7:28  Pylon  
  100  7:31  Gateway x2  
  100  7:33  Gateway  
  100  7:36  Gateway  
  100  7:38  Immortal, Gateway  
  104  7:53  High Templar  
  104  7:54  High Templar  
  104  7:56  High Templar  
  104  7:57  Zealot  
  104  7:58  Zealot x2  
  114  8:00  High Templar  
  114  8:02  Archon  
  114  8:04  Archon  
  118  8:12  Warp Prism  
  118  8:15  Probe x3  
  123  8:27  Probe x2  
  123  8:28  Pylon  
  123  8:30  Pylon  
  123  8:32  Pylon  
  123  8:34  Pylon x2  
  125  8:36  Pylon  
  125  8:46  High Templar x2, Probe  
  125  8:47  High Templar  
  132  8:48  High Templar  
  132  8:51  Zealot x2  
  132  8:52  Zealot x2  
  132  8:53  Zealot x2  
  132  8:54  High Templar  
  132  8:55  High Templar, Archon  
  150  8:56  Archon  
  150  8:58  Archon  
  150  9:30  High Templar x2  
  150  9:31  High Templar  
  156  9:32  High Templar, Zealot x3  
  156  9:33  Zealot x4  
  156  9:36  Archon x2  
  172  9:40  Pylon  
  172  9:43  Pylon  
  172  9:45  Pylon  
  172  9:51  Nexus  
  168  9:53  Pylon  
  168  9:55  Pylon  
  130  10:05  Archon  
  76  10:18  Stalker x5  
  76  10:19  Stalker x3  
  76  10:20  Stalker x2  
  76  10:21  Stalker x2  
  100  10:44  Stalker x2  
  100  10:45  Stalker x5  
  100  10:46  Stalker  
  100  10:48  Stalker  
  118  10:52  Stalker  
  120  10:57  Stalker  
  120  10:58  Stalker  
  124  11:13  Probe x4  
  128  11:25  Stalker, Probe x4  
  131  11:26  Stalker x5  
Tags
 
Add a new tag
Caveats
  • Supply blocks, unpowered buildings, or Contaminate may cause inaccurate times.
  • Supply counts are checked every 10 seconds.